 Dungeon Crawl Stone Soup version 0.27-a0-291-gd9602db6ee (webtiles) character file.

Game seed: 17135106694578821779

598074 EldarEldrad the Slayer (level 26, -2/257 (259) HPs)
             Began as a Minotaur Berserker on Feb 8, 2021.
             Was the Champion of Trog.
             Slain by a death scarab (7 damage)
             ... on level 2 of the Tomb of the Ancients on Feb 10, 2021.
             The game lasted 07:44:27 (72073 turns).

EldarEldrad the Slayer (Minotaur Berserker)        Turns: 72073, Time: 07:44:27

HP:   -2/257 (259)  AC: 37    Str: 33    XL:     26   Next: 40%
MP:   32/32         EV: 20    Int: 16    God:    Trog [******]
Gold: 123           SH: 27    Dex: 15    Spells: 25/25 levels left

rFire    + . .     SeeInvis +   a - +14 obsidian axe {vorpal, *Drain +Fly SInv}
rCold    + . .     Faith    .   r - +0 tower shield
rNeg     + . .     Spirit   .   k - +1 crystal plate armour
rPois    +         Reflect  .   i - +3 hat of Pondering {ponderous, Will+ MP+10 Int+5}
rElec    .         Harm     .   J - +2 cloak {Will+}
rCorr    .         Rampage  .   P - +1 pair of gloves {Dex+3}
Will     +++++                  I - +2 pair of boots {Stlth+}
Stlth    ..........             Y - amulet "Poarukh" {rPois rF+ Will++ Regen+ Int-3}
HPRegen  1.92/turn              h - ring "Gasanof" {+Fly rC+ Int+6}
MPRegen  0.23/turn              K - ring of Tycov {rN+ Str+4 Int+3}

@: mesmerised, contaminated, regenerating, slowed, glowing, studying 3 skills,
lightly drained, very slow
A: retaliatory headbutt, horns 2, clumsy 1, deformed body
}: 3/15 runes: serpentine, barnacled, silver
a: Renounce Religion, Evoke Flight, Berserk, Trog's Hand, Brothers in Arms


You were on level 2 of the Tomb of the Ancients.
You worshipped Trog.
Trog was exalted by your worship.
You visited 12 branches of the dungeon, and saw 51 of its levels.
You also visited: Sewer, Bailey and Ice Cave.

You collected 9657 gold pieces.
You spent 9534 gold pieces at shops.

Inventory:

Hand Weapons
 a - the +14 obsidian axe (weapon) {vorpal, *Drain +Fly SInv}
   (You took it off a deep elf archer on level 1 of the Elven Halls)

   It inflicts extra damage upon your enemies.
   It lets you see invisible.
   It lets you fly.
   It causes draining when unequipped.
 b - a +9 broad axe of draining
Armour
 i - the +3 hat of Pondering (worn) {ponderous, Will+ MP+10 Int+5}
   (You found it on level 5 of the Vaults)

   It affects your intelligence (+5).
   It affects your willpower, your defense against some magical effects.
   It affects your magic capacity (+10).
 k - a +1 crystal plate armour (worn)
 r - a +0 tower shield (worn)
 I - a +2 pair of boots of stealth (worn)
 J - a +2 cloak of willpower (worn)
 P - a +1 pair of gloves of dexterity (worn)
 Q - a +6 plate armour of willpower
Jewellery
 c - an uncursed ring of protection from fire
 h - the ring "Gasanof" (left hand) {+Fly rC+ Int+6}
   (You took it off a deep elf pyromancer on level 3 of the Elven Halls)

   [ring of protection from cold]

   It affects your intelligence (+6).
   It protects you from cold.
   It lets you fly.
 s - an uncursed ring of resist corrosion
 K - the ring of Tycov (right hand) {rN+ Str+4 Int+3}
   (You found it on level 3 of the Crypt)

   [ring of positive energy]

   It affects your strength (+4).
   It affects your intelligence (+3).
   It protects you from negative energy.
 M - the amulet "Bierph" {Reflect Dex+4 SH+5}
   (You found it on level 3 of the Shoals)

   [amulet of reflection]

   It shields you and reflects attacks.
   It affects your dexterity (+4).
   It affects your SH (+5).
 Y - the amulet "Poarukh" (around neck) {rPois rF+ Will++ Regen+ Int-3}
   (You found it on level 1 of the Lair of Beasts)

   [amulet of regeneration]

   It affects your intelligence (-3).
   It protects you from fire.
   It protects you from poison.
   It affects your willpower, your defense against some magical effects.
   It increases your rate of regeneration.
Wands
 f - a wand of iceblast (73)
 v - a wand of paralysis (36)
 y - a wand of digging (24)
 O - a wand of polymorph (55)
 W - a wand of mindburst (77)
 Z - a wand of acid (43)
Scrolls
 d - 8 scrolls of fear
 g - 20 scrolls of identify
 j - 3 scrolls of noise
 o - 11 scrolls of enchant weapon
 p - 7 scrolls of enchant armour
 t - 29 scrolls of remove curse
 u - 4 scrolls of holy word
 x - 11 scrolls of magic mapping
 D - 37 scrolls of teleportation
 G - 9 scrolls of blinking
 H - 8 scrolls of fog
 L - 4 scrolls of brand weapon
 N - 7 scrolls of immolation
 R - 3 scrolls of silence
 T - 9 scrolls of summoning
Potions
 e - 4 potions of cancellation
 l - 6 potions of berserk rage
 m - 10 potions of might
 n - 19 potions of curing
 q - 8 potions of haste
 w - 13 potions of flight
 z - 7 potions of ambrosia
 B - 6 potions of magic
 C - 13 potions of heal wounds
 E - 9 potions of invisibility
 F - 6 potions of mutation
 S - 6 potions of lignification
 U - 4 potions of resistance
Miscellaneous
 A - a box of beasts
 X - a lightning rod (4/4)


   Skills:
 * Level 25.4 Fighting
 - Level 20.0 Axes
 - Level 24.0 Armour
 - Level 22.0 Dodging
 - Level 25.0 Shields
 - Level 15.0 Evocations


You had 25 spell levels left.
You didn't know any spells.
Your spell library was empty.

Dungeon Overview and Level Annotations

Branches:
Dungeon (15/15)            Temple (1/1) D:7            Lair (6/6) D:11
 Shoals (4/4) Lair:2        Snake (4/4) Lair:4        Slime (1/5) Lair:6
    Orc (2/2) D:11            Elf (3/3) Orc:2        Vaults (5/5) D:14
  Crypt (3/3) Vaults:3       Tomb (2/3) Crypt:3      Depths (5/5) D:15
    Zot (0/5) Depths:5      Sewer (visited)          Bailey (visited)
  IceCv (visited)

Altars:
Ashenzari
Cheibriados
Dithmenos
Elyvilon
Fedhas
Gozag
Hepliaklqana
Kikubaaqudgha
Makhleb
Nemelex Xobeh
Okawaru
Qazlal
Ru
Sif Muna
Trog
Uskayaw
Vehumet
Wu Jian
Xom
Yredelemnul
Zin
The Shining One

Shops:
D:4 :   D:8 (   D:15 [   Orc:1 [?[   Orc:2 (=*=(   Elf:3 ?   Shoals:2 :*
Snake:2 ::   Vaults:1 ?   Vaults:3 *   Vaults:4 *?   Vaults:5 *   Depths:1 ((:
Depths:4 *   Depths:5 !

Portals:
Hell: Depths:1 Depths:2 Depths:3 Depths:4 Depths:5
Abyss: Depths:4
Pandemonium: Depths:2 Depths:3 Depths:4
Ziggurat: Depths:5
Trove: D:14 (give horn of Geryon)

Annotations:
Tomb:2 Jory, Mara


Innate Abilities, Weirdness & Mutations

You reflexively headbutt those who attack you in melee.
You have a pair of horns on your head.
You are clumsy. (Dex -2)
Armour fits poorly on your strangely shaped body.


Message History

The death scarab bites your orange demon!!
Your orange demon dies!
You hear a loud "Zot"!
You block the death scarab's attack. The death scarab misses you.
You furiously retaliate!
You headbutt the death scarab, but do no damage.
The death scarab bites you but does no damage.
You block the death scarab's attack.
You hear a loud "Zot"!
The death scarab completely misses you. You furiously retaliate!
You headbutt the death scarab! The death scarab bites you!
* * * LOW HITPOINT WARNING * * *
The death scarab drains your vigour!
You feel yourself slow down.
The death scarab draws strength from your injuries!
A mummy comes into view.
The death scarab completely misses you. You furiously retaliate!
You headbutt the death scarab.
The guardian mummy hits you but does no damage.
The death scarab closely misses you. The death scarab bites you!
You die...

#############
............#
M...........#
.......B....#
.....MB@BB..#
.....BBBBB..#
.....BBMBBB.# .
......BL#BBB# ...
.....###......#BBM#M^...
...#...#...MV#B☼L○M^...#
)
.#.....#.MM.#§BW###'###
#. #.......#.z#Z..n#
#..#...ZM..#..#..B.#


You could see 2 royal mummies, Jory, a revenant, a lich, a shadow wraith
(summoned, invisible), 3 guardian mummies, a spectral storm dragon (summoned),
22 death scarabs, a necrophage (summoned), 3 mummies and a wight (summoned).

Vanquished Creatures
  Mennas (Vaults:5)
  2 juggernauts (Depths:4)
  2 royal mummies (Tomb:1)
  Boris (Vaults:5)
  Bai Suzhen (Shoals:3)
  5 caustic shrikes (Depths:5)
  Margery (Vaults:5)
  2 golden dragons
  2 bone dragons
  6 tentacled monstrosities
  Jorgrun (Snake:2)
  6 liches
  2 deep elf master archers (Elf:3)
  A deep elf blademaster (Elf:3)
  Asterion (Depths:1)
  5 ancient champions
  2 quicksilver dragons (Vaults:5)
  Polyphemus (Shoals:3)
  Frances (D:14)
  6 sphinxes
  An Executioner (Tomb:2)
  2 krakens
  Kirke (Lair:6)
  6 tengu reavers (Vaults:5)
  7 storm dragons
  8 nagarajas
  8 shadow dragons
  10 fire giants
  4 revenants
  Roxanne (Shoals:1)
  21 frost giants
  A fire giant (shapeshifter) (Vaults:5)
  The ghost of Giev the Executioner, a journeyman MiBe of Trog (Shoals:1)
  12 vault wardens
  2 iron dragons
  A draconian scorcher (Depths:5)
  10 deep elf sorcerers
  2 deep elf elementalists (Elf:3)
  Louise (D:14)
  3 curse skulls
  6 spriggan defenders
  2 angels (Depths:5)
  2 reapers (Crypt:2)
  8 ironheart preservers
  4 ghouls
  11 stone giants
  3 vampire knights
  2 bennus (Tomb:1)
  A draconian annihilator (Depths:5)
  9 very ugly things
  A red draconian (Depths:5)
  2 spectral titans (Crypt:3)
  A purple draconian (Depths:5)
  10 deep elf demonologists
  A white draconian (Depths:5)
  14 deep elf annihilators
  11 spark wasps
  The ghost of Tazxata the Slicer, a journeyman VSFi of Wu Jian (Elf:1)
  8 eidola
  8 ettins
  2 spectral quicksilver dragons (Crypt:3)
  10 fire dragons
  2 merfolk javelineers
  10 mummy priests
  8 deep elf death magi
  7 deep elf high priests
  8 merfolk impalers
  27 vault guards
  9 great orbs of eyes
  8 yaktaur captains
  11 hydras
  2 spriggan air magi
  8 ice dragons
  Erolcha (D:13)
  3 boulder beetles
  2 rakshasas
  19 naga warriors
  6 catoblepae
  9 anacondas
  7 merfolk avatars
  10 centaur warriors
  2 ghost crabs (Depths:4)
  4 death knights
  7 satyrs
  13 ogre magi
  A spectral frost giant (Crypt:3)
  7 merfolk aquamancers
  2 alligator snapping turtles
  27 dancing weapons
  7 vampire magi
  2 tengu warriors
  4 deep troll shamans
  50 two-headed ogres
  8 death scarabs
  4 deep troll earth magi
  5 shock serpents
  A spectral stone giant (Crypt:3)
  Urug (Lair:4)
  5 spriggan berserkers
  2 storm dragon zombies
  5 spriggans
  12 naga sharpshooters
  Sonja (D:11)
  9 hell knights (Vaults:5)
  5 orc high priests (Orc:2)
  16 deep elf knights
  25 death yaks
  An iron troll (Depths:4)
  A soul eater (Crypt:1)
  A spectral minotaur (Crypt:3)
  5 salamander mystics
  7 shadow wraiths
  A fire crab (shapeshifter) (Depths:3)
  27 skeletal warriors
  13 sea snakes
  3 glowing orange brains (Depths:4)
  5 unseen horrors
  13 deep trolls
  A swamp dragon (shapeshifter) (Vaults:5)
  8 wizards
  10 naga ritualists
  10 flayed ghosts
  15 ironbrand convokers
  8 deep elf archers
  2 orange crystal statues
  A wolf spider zombie (D:15)
  22 deep elf zephyrmancers
  11 orc knights
  8 necromancers
  8 phantasmal warriors
  25 harpies
  3 wolf spiders
  9 mana vipers
  A lindwurm (Lair:5)
  A spectral wolf spider (Crypt:3)
  2 golden dragon skeletons
  29 ugly things
  5 oklob plants
  31 deep elf pyromancers
  2 large abominations (Elf:1)
  19 manticores
  8 salamanders
  7 cyclopes
  3 orc sorcerers
  A spectral ettin (Crypt:3)
  A fire giant zombie (Crypt:2)
  21 fauns
  2 manticores (shapeshifter)
  38 black mambas
  3 guardian serpents (Snake:3)
  9 water nymphs
  9 merfolk sirens
  44 naga magi
  A black mamba (shapeshifter) (Depths:5)
  A fire giant skeleton (Crypt:2)
  14 elephants
  13 vault sentinels
  A torpor snail (Lair:6)
  A dire elephant zombie (Crypt:1)
  A titan simulacrum (Crypt:3)
  A guardian serpent (shapeshifter) (Vaults:2)
  An ice statue (IceCv)
  2 molten gargoyles (Depths:4)
  A dire elephant skeleton (Crypt:1)
  14 cane toads
  A gargoyle (D:12)
  A rime drake (shapeshifter) (Vaults:5)
  A cane toad (shapeshifter) (Depths:1)
  15 komodo dragons
  2 human zombies
  A black draconian zombie (Crypt:3)
  5 rime drakes
  An elf skeleton (Depths:4)
  A sea snake zombie (Crypt:2)
  37 yaktaurs
  10 freezing wraiths
  A spectral merfolk (Crypt:3)
  12 guardian mummies
  3 tengu conjurers
  A pale draconian skeleton (Crypt:3)
  A hydra zombie (Crypt:2)
  6 trolls
  A jumping spider (shapeshifter) (Vaults:1)
  An anaconda simulacrum (Crypt:3)
  4 meliai
  4 wind drakes
  A troll (shapeshifter) (Vaults:4)
  A merfolk (shapeshifter) (Depths:2)
  2 shadow dragon simulacra (Crypt:3)
  A red devil (Depths:4)
  A polar bear (shapeshifter) (Depths:3)
  6 hornets
  A hornet (shapeshifter) (Depths:2)
  26 merfolk
  15 polar bears
  4 snapping turtles
  3 human simulacra
  2 raiju (Depths:4)
  A raiju (shapeshifter) (Vaults:4)
  A slime creature (shapeshifter) (Vaults:4)
  A frost giant simulacrum (Crypt:2)
  18 slime creatures
  20 blink frogs
  3 iron dragon simulacra
  A meliai zombie (D:11)
  4 dream sheep (Lair:4)
  A spectral manticore (Crypt:3)
  A spectral black mamba (Crypt:3)
  An ettin zombie (Crypt:2)
  25 flying skulls
  5 air elementals
  A dire elephant simulacrum (Crypt:3)
  4 shadows
  Eustachio (D:6)
  16 wraiths
  8 wyverns
  21 water elementals
  5 basilisks
  2 ushabtiu (Tomb:1)
  72 yaks
  3 hogs (Lair:6)
  2 golden eyes (Depths:4)
  A black mamba skeleton (Crypt:1)
  5 fire elementals
  10 vampire mosquitoes
  3 wargs
  An elf simulacrum (Depths:4)
  53 nagas
  An acid dragon (D:11)
  17 water moccasins
  2 soldier ants
  A hell hound (Depths:4)
  A hydra simulacrum (Crypt:3)
  2 small abominations (Depths:4)
  A manticore zombie (Crypt:1)
  A monstrous demonspawn skeleton (Crypt:2)
  A hornet zombie (D:15)
  A two-headed ogre skeleton (Crypt:1)
  2 eyes of draining
  46 orc warriors
  Purgy (Sewer)
  6 sky beasts
  7 black bears
  6 necrophages
  5 ice beasts
  10 boggarts
  A swamp dragon zombie (Crypt:3)
  An alligator simulacrum (Crypt:3)
  A lindwurm zombie (Crypt:1)
  35 ogres
  62 wolves
  20 centaurs
  An ice dragon simulacrum (Crypt:3)
  An elephant skeleton (Crypt:2)
  A lindwurm skeleton (Crypt:1)
  5 phantoms
  3 elf zombies (Elf:1)
  8 kobold brigands
  23 bullfrogs
  5 earth elementals
  A salamander skeleton (Crypt:2)
  A glowing shapeshifter simulacrum (Depths:4)
  A water moccasin zombie (D:9)
  3 wyvern skeletons
  3 scorpions
  3 troll zombies (D:11)
  A spectral ogre (Crypt:3)
  33 killer bees
  A swamp dragon simulacrum (Crypt:3)
  11 wights
  A troll skeleton (Tomb:2)
  An electric eel (Lair:2)
  8 howler monkeys
  A crimson imp (D:5)
  5 lava snakes (Snake:3)
  6 centaur zombies
  3 bullfrog zombies
  7 jellies
  4 hounds
  23 orc priests
  5 bullfrog skeletons
  6 centaur skeletons
  Natasha (thrice) (D:4)
  6 iguanas
  19 orc wizards
  4 lightning spires (Depths:4)
  15 worker ants
  3 ogre zombies (D:11)
  A sky beast zombie (Crypt:1)
  An acid dragon skeleton (Crypt:3)
  2 hound zombies
  A dwarf skeleton (Crypt:2)
  A hound skeleton (Crypt:3)
  19 mummies
  A howler monkey zombie (D:7)
  A worker ant zombie (Crypt:2)
  17 gnolls
  20 adders
  A scorpion zombie (Crypt:2)
  3 white imps
  6 oozes
  2 ufetubi
  2 adder skeletons
  A lava snake skeleton (Crypt:3)
  4 dart slugs
  3 worms
  6 leopard geckos
  83 orcs
  3 giant cockroaches
  16 goblins
  9 hobgoblins
  10 jackals
  7 quokkas
  4 ball pythons
  13 bats
  3 frilled lizards
  5 goblin skeletons (D:11)
  3 goblin zombies (D:11)
  2 hobgoblin skeletons (D:11)
  47 kobolds
  9 orc zombies (D:11)
  2 quokka skeletons
  7 rats
  A river rat skeleton (Crypt:3)
  A spectral kobold (Crypt:3)
  A bush (Lair:4)
  4 tentacles
2395 creatures vanquished.

Vanquished Creatures (collateral kills)
  A dread lich (Vaults:5)
  An ancient lich (Depths:2)
  Saint Roka (Crypt:3)
  A titan (Depths:5)
  3 sphinxes
  A shadow dragon (Vaults:5)
  3 fire giants
  The ghost of Fagret the Geomancer, a journeyman GrEE of Cheibriados (D:14)
  A draconian scorcher (Depths:5)
  A vault warden (Vaults:5)
  A juggernaut zombie (Crypt:2)
  A ghoul (Crypt:2)
  A deep elf elementalist (Elf:3)
  4 ironheart preservers
  3 very ugly things
  3 stone giants
  A spectral titan (Crypt:3)
  A green draconian (Depths:5)
  A deep elf demonologist (Elf:3)
  A spark wasp (Depths:5)
  A mummy priest (Tomb:2)
  An eidolon (Depths:4)
  2 ettins
  A jiangshi (Crypt:2)
  A yaktaur captain (Depths:3)
  2 great orbs of eyes
  2 rakshasas
  4 vault guards
  8 ogre magi
  An ice dragon (Depths:3)
  A centaur warrior (Vaults:2)
  A ghost crab (Depths:4)
  A spriggan air mage (Depths:5)
  2 anacondas (Snake:2)
  2 death knights
  A deep troll earth mage (Vaults:2)
  9 two-headed ogres
  A death scarab (Tomb:1)
  A deep troll shaman (Vaults:5)
  A titan zombie (Vaults:5)
  2 dancing weapons
  A spriggan berserker (Depths:5)
  A fire crab (Depths:4)
  6 skeletal warriors
  6 slime creatures
  An anaconda zombie (Crypt:2)
  A spectral anaconda (Crypt:3)
  6 deep trolls
  4 deep elf zephyrmancers
  A flayed ghost (Crypt:3)
  2 harpies (Vaults:4)
  2 phantasmal warriors
  2 lindwurms (Depths:4)
  2 necromancers (Vaults:5)
  6 deep elf pyromancers
  An orc knight (Vaults:3)
  5 deep elf archers
  A shining eye (shapeshifter) (Vaults:5)
  A wolf spider (Vaults:2)
  An ugly thing (Depths:3)
  2 spectral fire dragons (Crypt:3)
  An orc sorcerer (Crypt:3)
  A black mamba (Snake:2)
  3 vault sentinels
  A hellion (Depths:4)
  6 yaktaurs
  6 freezing wraiths (Crypt:3)
  4 guardian mummies (Tomb:1)
  A hornet (Vaults:4)
  A hydra skeleton (Crypt:1)
  An ice dragon zombie (Tomb:1)
  5 flying skulls (Tomb:1)
  2 water elementals
  An air elemental (Depths:4)
  A human (shapeshifter) (Depths:4)
  An elf skeleton (Depths:4)
  A small abomination (Depths:4)
  A naga (Snake:2)
  An acid dragon (Vaults:1)
  A hell hound (Depths:4)
  7 ogres
  2 centaurs
  An earth elemental (Elf:3)
  A lava snake (Depths:4)
  An orc wizard (Crypt:3)
  6 mummies
  4 orcs
  A bat skeleton (Crypt:1)
190 creatures vanquished.

Vanquished Creatures (others)
  An ogre mage (Depths:4)
  A deep elf knight (Elf:2)
  A naga ritualist (Snake:4)
  A komodo dragon (shapeshifter) (Elf:3)
  A guardian mummy (Tomb:2)
  4 polar bears (IceCv)
  3 humans (Lair:6)
  A naga (Snake:1)
  A sky beast (D:15)
  An ooze (Lair:6)
  4 ball lightnings (Depths:4)
  43 fungi
  210 plants
  12 tentacles
284 creatures vanquished.

Grand Total: 2869 creatures vanquished

Notes
Turn   | Place    | Note
-------+----------+-------------------------------------------
     0 | D:1      | EldarEldrad the Minotaur Berserker began the quest for the
                  | Orb.
     0 | D:1      | Reached XP level 1. HP: 19/19 MP: 0/0
    67 | D:1      | Reached XP level 2. HP: 9/26 MP: 1/1
   619 | D:1      | Reached skill level 5 in Axes
   781 | D:1      | Reached ** piety under Trog
   782 | D:1      | Reached XP level 3. HP: 31/31 MP: 2/2
  1583 | D:2      | Reached XP level 4. HP: 39/39 MP: 3/3
  2322 | D:3      | Reached XP level 5. HP: 34/45 MP: 4/4
  2678 | D:3      | Reached *** piety under Trog
  3506 | D:4      | Noticed Natasha
  3520 | D:4      | Killed Natasha
  3643 | D:4      | Found Awkach's Book Shoppe.
  3681 | D:4      | Reached XP level 6. HP: 49/51 MP: 5/5
  4089 | D:4      | Noticed Natasha
  4096 | D:4      | Killed Natasha
  4473 | D:4      | Noticed Natasha
  4484 | D:4      | Killed Natasha
  4512 | D:5      | Entered Level 5 of the Dungeon
  4542 | D:5      | Reached XP level 7. HP: 52/57 MP: 6/6
  4589 | D:5      | Found a glowing drain.
  4598 | Sewer    | Entered a sewer
  4672 | Sewer    | Noticed Purgy
  4679 | Sewer    | Killed Purgy
  4680 | Sewer    | Reached skill level 10 in Axes
  5199 | D:5      | Found a shimmering altar of Xom.
  5207 | D:5      | Found a burning altar of Makhleb.
  5272 | D:5      | Found a shadowy altar of Dithmenos.
  5831 | D:6      | Reached **** piety under Trog
  6056 | D:6      | Reached XP level 8. HP: 58/64 MP: 7/7
  6257 | D:6      | Noticed Eustachio
  6300 | D:6      | Killed Eustachio
  6908 | D:6      | Found a bloodstained altar of Trog.
  7091 | D:7      | Found a staircase to the Ecumenical Temple.
  7259 | D:7      | Reached XP level 9. HP: 67/70 MP: 8/8
  7328 | D:7      | Found an opulent altar of Gozag.
  7504 | Temple   | Entered the Ecumenical Temple
  7713 | D:7      | Reached skill level 1 in Shields
  8442 | D:7      | Noticed a two-headed ogre
  8451 | D:7      | Killed a two-headed ogre
  8452 | D:7      | Reached skill level 5 in Fighting
  8452 | D:7      | Reached skill level 5 in Shields
  8457 | D:7      | Reached skill level 5 in Armour
  9396 | D:8      | Found Fyageow's Weapon Shoppe.
  9412 | D:8      | Found a stormy altar of Qazlal.
  9691 | D:8      | Bought a +1 broad axe of freezing for 198 gold pieces
  9720 | D:8      | Found a sacrificial altar of Ru.
  9818 | D:8      | Found an ornate altar of the Wu Jian Council.
  9922 | D:8      | Found a white marble altar of Elyvilon.
 10399 | D:9      | Reached XP level 10. HP: 77/81 MP: 9/9
 10852 | D:9      | Reached ***** piety under Trog
 10982 | D:9      | Found a sparkling altar of Nemelex Xobeh.
 11422 | D:10     | Entered Level 10 of the Dungeon
 11575 | D:10     | Found the +8 arc blade {discharge, rElec}
 11620 | D:10     | Reached skill level 10 in Armour
 11968 | D:10     | Noticed a two-headed ogre
 11976 | D:10     | Killed a two-headed ogre
 12642 | D:11     | Found a staircase to the Orcish Mines.
 12670 | D:11     | Reached skill level 1 in Evocations
 12879 | D:11     | Noticed a cyclops
 12894 | D:11     | Killed a cyclops
 12991 | D:11     | Noticed a boulder beetle
 12996 | D:11     | Reached XP level 11. HP: 86/86 MP: 0/10
 13003 | D:11     | Killed a boulder beetle
 13004 | D:11     | Reached skill level 5 in Dodging
 13106 | D:11     | Found a staircase to the Lair.
 13135 | D:11     | Noticed Sonja
 13140 | D:11     | Killed Sonja
 13203 | D:11     | Noticed a green ugly thing
 13206 | D:11     | Received a gift from Trog
 13217 | D:11     | Killed a green ugly thing
 13419 | D:11     | Found a sacrificial altar of Ru.
 13634 | D:11     | Noticed a four-headed hydra
 13663 | D:11     | Killed a four-headed hydra
 13988 | D:11     | Noticed a brown ugly thing
 13990 | D:11     | Noticed a white ugly thing
 14003 | D:11     | Killed a cyan ugly thing
 14010 | D:11     | Killed a white ugly thing
 14261 | D:11     | Noticed a brown ugly thing
 14273 | D:11     | Killed a brown ugly thing
 14274 | D:11     | Reached skill level 5 in Evocations
 14487 | D:11     | Reached skill level 10 in Dodging
 15008 | Lair:1   | Entered Level 1 of the Lair of Beasts
 15202 | Lair:1   | Reached XP level 12. HP: 94/94 MP: 11/11
 15696 | Lair:1   | Noticed a four-headed hydra
 15714 | Lair:1   | Killed a four-headed hydra
 16194 | Lair:2   | Found a staircase to the Shoals.
 17606 | Lair:3   | Received a gift from Trog
 17910 | Lair:3   | Reached skill level 15 in Axes
 17935 | Lair:3   | Found a frozen archway.
 17953 | IceCv    | Entered an ice cave
 18599 | IceCv    | Reached XP level 13. HP: 107/107 MP: 12/12
 18997 | IceCv    | Noticed a frost giant
 19028 | IceCv    | Killed a frost giant
 19034 | IceCv    | Reached skill level 10 in Fighting
 19567 | Lair:3   | Identified the Guide on the Burning Voyage
 19711 | Lair:3   | Upgraded the game from 0.27-a0-286-g37e0bc138e to
                  | 0.27-a0-291-gd9602db6ee
 20283 | Lair:4   | Found a staircase to the Snake Pit.
 21012 | Lair:4   | Noticed Urug
 21037 | Lair:4   | Killed Urug
 21357 | Lair:5   | Received a gift from Trog
 21603 | Lair:5   | Reached ****** piety under Trog
 22317 | Lair:4   | Reached XP level 14. HP: 126/126 MP: 13/13
 22855 | Lair:5   | Received a gift from Trog
 23310 | Lair:6   | Entered Level 6 of the Lair of Beasts
 24585 | Lair:6   | Noticed Kirke
 24614 | Lair:6   | Killed Kirke
 24928 | Lair:6   | Received a gift from Trog
 25225 | Lair:6   | Found a staircase to the Slime Pits.
 25359 | Lair:6   | Reached XP level 15. HP: 117/132 MP: 14/14
 26061 | Lair:6   | Reached skill level 15 in Armour
 26582 | D:12     | Found a flagged portal.
 26604 | Bailey   | Entered a bailey
 26718 | Bailey   | Found a bloodstained altar of Trog.
 27559 | D:13     | Received a gift from Trog
 27742 | D:13     | Noticed Erolcha
 27757 | D:13     | Killed Erolcha
 28699 | D:14     | Found Utsamich's Magic Scroll Shop.
 28705 | D:14     | Bought a scroll of teleportation for 36 gold pieces
 28705 | D:14     | Bought a scroll of identify for 24 gold pieces
 28705 | D:14     | Bought a scroll of teleportation for 36 gold pieces
 28705 | D:14     | Bought a scroll of enchant weapon for 90 gold pieces
 28705 | D:14     | Bought a scroll of acquirement for 624 gold pieces
 28705 | D:14     | Bought a scroll of identify for 24 gold pieces
 28705 | D:14     | Bought a scroll of teleportation for 36 gold pieces
 28705 | D:14     | Bought a scroll of remove curse for 36 gold pieces
 28705 | D:14     | Bought a scroll of identify for 24 gold pieces
 28705 | D:14     | Acquired a +1 hat of see invisible
 28726 | D:14     | Noticed Frances
 28739 | D:14     | Killed Frances
 28996 | D:14     | Found a runed translucent gate.
 28997 | D:14     | Found a runed translucent gate.
 28997 | D:14     | Found a runed translucent gate.
 29003 | D:14     | Noticed Fagret's ghost (journeyman GrEE)
 29021 | D:14     | Received a gift from Trog
 29134 | D:14     | Reached skill level 15 in Dodging
 29328 | D:14     | Found a gate to the Vaults.
 29711 | D:14     | Noticed Louise
 29732 | D:14     | Killed Louise
 29901 | D:14     | Found a portal to a secret trove of treasure.
 30200 | D:14     | Killed Fagret's ghost
 30298 | Orc:1    | Entered Level 1 of the Orcish Mines
 30477 | Orc:2    | Entered Level 2 of the Orcish Mines
 30576 | Orc:2    | Found a staircase to the Elven Halls.
 30576 | Orc:2    | Found Coxkol's Antique Weapon Shoppe.
 30906 | Orc:2    | Reached XP level 16. HP: 133/144 MP: 15/15
 31069 | Orc:1    | Received a gift from Trog
 31082 | Orc:1    | Found Ykistof's Armour Emporium.
 31109 | Orc:1    | Bought a +1 cloak of willpower for 264 gold pieces
 31128 | Orc:1    | Found Pajec's Armour Shoppe.
 31144 | Orc:1    | Found Ywneg's Magic Scroll Shop.
 31163 | Orc:1    | Bought a scroll of magic mapping for 45 gold pieces
 31163 | Orc:1    | Bought a scroll of enchant armour for 97 gold pieces
 31163 | Orc:1    | Bought a scroll of enchant weapon for 97 gold pieces
 31163 | Orc:1    | Bought a scroll of holy word for 97 gold pieces
 31163 | Orc:1    | Bought a scroll of enchant armour for 97 gold pieces
 31163 | Orc:1    | Bought a scroll of magic mapping for 45 gold pieces
 31163 | Orc:1    | Bought a scroll of silence for 97 gold pieces
 31163 | Orc:1    | Bought a scroll of remove curse for 39 gold pieces
 31163 | Orc:1    | Bought a scroll of fear for 45 gold pieces
 31163 | Orc:1    | Bought a scroll of identify for 26 gold pieces
 31182 | Orc:1    | Bought a +1 pair of gloves of dexterity for 214 gold pieces
 31830 | Orc:2    | Found Giseinenk's Jewellery Shop.
 31833 | Orc:2    | Found Plog's General Store.
 31836 | Orc:2    | Found Ziuc's Jewellery Shop.
 31837 | Orc:2    | Found Unireozu's Weapon Shop.
 31845 | Orc:2    | Bought an uncursed ring of resist corrosion for 300 gold
                  | pieces
 32173 | Lair:1   | Got a glittering ruby amulet
 32175 | Lair:1   | Identified the amulet "Poarukh" {rPois rF+ Will++ Regen+
                  | Int-3} (You found it on level 1 of the Lair of Beasts)
 32256 | Snake:1  | Entered Level 1 of the Snake Pit
 32582 | Snake:1  | You fall into a shaft and drop 1 floor!
 32625 | Snake:1  | Reached skill level 15 in Fighting
 33071 | Snake:1  | Found an ancient bone altar of Kikubaaqudgha.
 33221 | Snake:2  | Received a gift from Trog
 33519 | Snake:2  | Reached skill level 10 in Shields
 33635 | Snake:2  | Identified the +3 dagger of Ohyetit {venom, rPois rF++ MP-9
                  | SInv}
 33902 | Snake:2  | Noticed Jorgrun
 33914 | Snake:2  | Killed Jorgrun
 33947 | Snake:2  | Found Sint's Jewellery Emporium.
 33948 | Snake:2  | Found Omiune's Book Boutique.
 33948 | Snake:2  | Found Zifaesuh's Book Boutique.
 34445 | Snake:3  | Received a gift from Trog
 34448 | Snake:3  | Reached XP level 17. HP: 146/156 MP: 16/16
 35564 | Shoals:1 | Entered Level 1 of the Shoals
 35659 | Shoals:1 | Received a gift from Trog
 35719 | Shoals:1 | Found a runed translucent gate.
 35719 | Shoals:1 | Found a runed translucent gate.
 35719 | Shoals:1 | Found a runed translucent gate.
 35720 | Shoals:1 | Noticed Giev's ghost (journeyman MiBe)
 36152 | Shoals:1 | Found a snail-covered altar of Cheibriados.
 36289 | Shoals:1 | Noticed a kraken
 36299 | Shoals:1 | Killed a kraken
 36405 | Shoals:1 | Noticed Roxanne
 36816 | Shoals:1 | Killed Roxanne
 36816 | Shoals:1 | Received a gift from Trog
 36939 | Shoals:2 | Found Winonepp's General Store.
 36949 | Shoals:2 | Bought a scroll of teleportation for 39 gold pieces
 36949 | Shoals:2 | Bought a scroll of identify for 26 gold pieces
 36949 | Shoals:2 | Bought a scroll of identify for 26 gold pieces
 36956 | Shoals:2 | Found Wuemoeka's Book Shop.
 37195 | Shoals:2 | Noticed a kraken
 37213 | Shoals:2 | Killed a kraken
 37691 | Shoals:2 | Reached XP level 18. HP: 172/172 MP: 17/17
 38557 | Shoals:3 | Got an ancient zirconium amulet
 38558 | Shoals:3 | Identified the amulet "Bierph" {Reflect Dex+4 SH+5} (You
                  | found it on level 3 of the Shoals)
 38602 | Shoals:3 | Received a gift from Trog
 38972 | Shoals:4 | Entered Level 4 of the Shoals
 38972 | Shoals:4 | Noticed Polyphemus
 39047 | Shoals:3 | Killed Polyphemus
 39759 | Shoals:4 | Reached skill level 15 in Shields
 39897 | Shoals:4 | Noticed Bai Suzhen
 39967 | Shoals:3 | Killed Bai Suzhen
 40146 | Shoals:4 | Received a gift from Trog
 40565 | Shoals:4 | Got a barnacled rune of Zot
 40943 | Slime:1  | Entered Level 1 of the Pits of Slime
 41122 | Snake:4  | Entered Level 4 of the Snake Pit
 41584 | Snake:4  | Received a gift from Trog
 41613 | Snake:4  | Reached XP level 19. HP: 114/185 MP: 18/18
 42765 | Snake:4  | Got a serpentine rune of Zot
 43097 | D:15     | Entered Level 15 of the Dungeon
 43227 | D:15     | Found Pamighen's Antique Armour Shoppe.
 43359 | D:15     | Received a gift from Trog
 43416 | D:15     | Found a glowing silver altar of Zin.
 43946 | D:15     | Found a staircase to the Depths.
 44318 | Elf:1    | Entered Level 1 of the Elven Halls
 44493 | Elf:1    | Found a runed translucent gate.
 44494 | Elf:1    | Found a runed translucent gate.
 44495 | Elf:1    | Found a runed translucent gate.
 44495 | Elf:1    | Noticed Tazxata's ghost (journeyman VSFi)
 44700 | Elf:1    | Received a gift from Trog
 45283 | Elf:1    | Killed Tazxata's ghost
 45341 | Elf:1    | Got a glimmering cloak
 45342 | Elf:1    | Identified the cursed +0 cloak of Wieduq {rC+} (You found
                  | it on level 1 of the Elven Halls)
 46033 | Elf:2    | Received a gift from Trog
 46044 | Elf:2    | Got a transparent broad axe {god gift}
 46052 | Elf:2    | Identified the +1 broad axe "Teceokhle" {vorpal, +Inv rC+
                  | Str+2 Stlth-} (Trog gifted it to you on level 2 of the
                  | Elven Halls)
 46193 | Elf:2    | Found a huge runed translucent gate.
 46193 | Elf:2    | Found a huge runed translucent gate.
 46193 | Elf:2    | Found a huge runed translucent gate.
 46195 | Elf:2    | Found a huge runed translucent gate.
 46196 | Elf:2    | Found a huge runed translucent gate.
 46599 | Elf:2    | Reached XP level 20. HP: 193/193 MP: 19/19
 47070 | Vaults:1 | Entered Level 1 of the Vaults
 47364 | Vaults:1 | Found Xemotog's Magic Scroll Boutique.
 47374 | Vaults:1 | Bought a scroll of identify for 38 gold pieces
 47374 | Vaults:1 | Bought a scroll of magic mapping for 66 gold pieces
 47374 | Vaults:1 | Bought 3 scrolls of teleportation for 171 gold pieces
 47374 | Vaults:1 | Bought a scroll of blinking for 142 gold pieces
 47374 | Vaults:1 | Bought a scroll of magic mapping for 66 gold pieces
 47374 | Vaults:1 | Bought a scroll of fear for 66 gold pieces
 47374 | Vaults:1 | Bought a scroll of blinking for 142 gold pieces
 47424 | Vaults:1 | Received a gift from Trog
 48424 | Vaults:2 | Received a gift from Trog
 48428 | Vaults:2 | Got a twisted hand axe {god gift}
 48429 | Vaults:2 | Identified the +3 hand axe of Quantum Leap {vorpal, rF++}
                  | (Trog gifted it to you on level 2 of the Vaults)
 48867 | Vaults:2 | Reached skill level 10 in Evocations
 49017 | Vaults:2 | Received a gift from Trog
 49877 | Shoals:1 | Killed Giev's ghost
 50067 | Shoals:1 | Got a brightly glowing cloak
 50068 | Shoals:1 | Identified the +0 cloak of Disguise {Regen+} (You found it
                  | on level 1 of the Shoals)
 50557 | Vaults:3 | Reached XP level 21. HP: 201/201 MP: 20/20
 50667 | Vaults:3 | Received a gift from Trog
 50696 | Vaults:3 | Found Sogarack's Assorted Antiques.
 50711 | Vaults:3 | Bought 2 potions of heal wounds for 320 gold pieces
 50711 | Vaults:3 | Bought a scroll of summoning for 304 gold pieces
 50711 | Vaults:3 | Bought a potion of heal wounds for 160 gold pieces
 51230 | Vaults:3 | Found a staircase to the Crypt.
 51230 | Vaults:3 | Found a basalt altar of Yredelemnul.
 51231 | Vaults:3 | Found an ancient bone altar of Kikubaaqudgha.
 51682 | Vaults:3 | Bought a potion of invisibility for 256 gold pieces
 51736 | Vaults:4 | Received a gift from Trog
 51928 | Vaults:4 | Found Bykhyif's General Store.
 51936 | Vaults:4 | Bought a scroll of fog for 42 gold pieces
 52302 | Vaults:4 | Found Vyom's Magic Scroll Emporium.
 52310 | Vaults:4 | Bought a scroll of fear for 38 gold pieces
 52310 | Vaults:4 | Bought a scroll of teleportation for 33 gold pieces
 52335 | Vaults:4 | Received a gift from Trog
 52558 | Vaults:4 | Gained mutation: Armour fits poorly on your strangely
                  | shaped body. [a shining eye]
 53075 | Vaults:4 | Bought a wand of paralysis (8) for 210 gold pieces
 53099 | Vaults:4 | Bought a scroll of enchant armour for 82 gold pieces
 53403 | Elf:3    | Entered Level 3 of the Elven Halls
 53437 | Elf:3    | Received a gift from Trog
 54262 | Elf:3    | Found Zuan's Magic Scroll Shop.
 54703 | Elf:3    | Acquired a manual of Armour
 54727 | Elf:3    | Identified the +12 halberd of Qoyhim {vamp, rF+ Will+
                  | Stlth-}
 54727 | Elf:3    | Identified the ring "Ipustid" {Fire *Drain rN+ Will+ SInv}
 54731 | Elf:3    | Identified the ring "Gasanof" {+Fly rC+ Int+6}
 54746 | Elf:3    | Received a gift from Trog
 54827 | Elf:3    | Reached XP level 22. HP: 188/215 MP: 21/21
 55049 | Elf:3    | Identified the Compendium of Dogma
 55478 | Depths:1 | Entered Level 1 of the Depths
 55748 | Depths:1 | Found Dani's Weapon Boutique.
 55750 | Depths:1 | Found Plog's Antique Weapon Shop.
 55752 | Depths:1 | Found Kaneoll's Book Boutique.
 55841 | Depths:1 | Found a gateway to Hell.
 55843 | Depths:1 | Received a gift from Trog
 55966 | Depths:1 | Found a glowing golden altar of the Shining One.
 56112 | Depths:1 | Noticed Asterion
 56121 | Depths:1 | Killed Asterion
 56408 | Depths:2 | Noticed an ancient lich
 56568 | Depths:2 | Found a shimmering blue altar of Sif Muna.
 56568 | Depths:2 | You fall into a shaft and drop 2 floors!
 56583 | Depths:4 | Found a transporter.
 56894 | Depths:4 | Noticed a juggernaut
 56926 | Depths:4 | Noticed a juggernaut
 56947 | Depths:4 | Found Guit Ogoemi's Mayhem Merchandise.
 56959 | Depths:4 | Bought a wand of iceblast (11) for 375 gold pieces
 57116 | Depths:3 | Noticed a golden dragon
 57125 | Depths:3 | Killed a golden dragon
 57938 | Depths:2 | Found a transporter.
 57939 | Depths:2 | Found a one-way gate leading to the halls of Pandemonium.
 58060 | Depths:2 | Killed an ancient lich
 58061 | Depths:2 | Reached XP level 23. HP: 150/222 MP: 22/22
 58170 | Depths:2 | Found a transporter.
 58260 | Depths:3 | Received a gift from Trog
 59054 | Depths:4 | Found a one-way gate to the infinite horrors of the Abyss.
 59057 | Depths:4 | Acquired 740 gold pieces
 59110 | Depths:4 | Found a transporter.
 59229 | Depths:4 | Found the +8 demon trident "Rift" {distort, reach+}
 59439 | Depths:4 | Received a gift from Trog
 59621 | Depths:4 | Identified the Almanac of the Arsonist
 59815 | Depths:4 | Identified the Volume of Stolen Souls
 60012 | Depths:4 | Identified Arhore's Tome of Feathers
 60081 | Depths:4 | Identified Cuitrip's Collected Works on the Oath
 60151 | Depths:4 | Killed a juggernaut
 60152 | Depths:4 | Killed a juggernaut
 60672 | Crypt:1  | Entered Level 1 of the Crypt
 61059 | Crypt:1  | Reached skill level 15 in Evocations
 61182 | Crypt:1  | Received a gift from Trog
 61851 | Crypt:2  | Reached XP level 24. HP: 197/231 MP: 22/22
 62147 | Crypt:2  | Received a gift from Trog
 62585 | Crypt:3  | Entered Level 3 of the Crypt
 62925 | Crypt:3  | Found a staircase to the Tomb.
 63443 | Crypt:3  | Noticed Saint Roka
 63473 | Crypt:3  | Killed Saint Roka
 63536 | Crypt:3  | Received a gift from Trog
 63761 | Crypt:3  | Got a translucent lapis lazuli ring
 63766 | Crypt:3  | Identified the ring of the Burgomaster {*Drain Will+ Str+5
                  | Int+9 Stlth+} (You found it on level 3 of the Crypt)
 64337 | Crypt:3  | Got a scorched glass ring
 64338 | Crypt:3  | Identified the ring of Tycov {rN+ Str+4 Int+3} (You found
                  | it on level 3 of the Crypt)
 64339 | Crypt:3  | Identified the ring of Xuiklet {rN+ Dex-3 Slay+3 SInv} (You
                  | found it on level 3 of the Crypt)
 64340 | Crypt:3  | Identified the ring "Oseager" {rPois rN+ Will+} (You found
                  | it on level 3 of the Crypt)
 64455 | Crypt:3  | Identified the Almanac of Transmutation and Battle Magic
 64884 | D:15     | Bought a runed crystal plate armour for 2490 gold pieces
 65134 | Depths:5 | Entered Level 5 of the Depths
 65134 | Depths:5 | Found Cisut's Distillery.
 65149 | Depths:5 | Received a gift from Trog
 65435 | Depths:5 | Bought a potion of curing for 36 gold pieces
 65435 | Depths:5 | Bought a potion of curing for 36 gold pieces
 65435 | Depths:5 | Bought a potion of might for 48 gold pieces
 65435 | Depths:5 | Bought a potion of heal wounds for 60 gold pieces
 65435 | Depths:5 | Bought a potion of heal wounds for 60 gold pieces
 65435 | Depths:5 | Bought a potion of heal wounds for 60 gold pieces
 65435 | Depths:5 | Bought a potion of heal wounds for 60 gold pieces
 65697 | Depths:5 | Found a gateway to a ziggurat.
 65936 | Depths:5 | Found a gate to the Realm of Zot.
 66259 | Depths:5 | Reached XP level 25. HP: 240/240 MP: 22/22
 66739 | Tomb:1   | Entered Level 1 of the Tomb of the Ancients
 66822 | Tomb:1   | Received a gift from Trog
 67482 | Tomb:1   | Noticed a royal mummy
 67485 | Tomb:1   | Noticed a royal mummy
 67500 | Tomb:1   | Killed a royal mummy
 67506 | Tomb:1   | Killed a royal mummy
 68570 | Vaults:5 | Entered Level 5 of the Vaults
 68572 | Vaults:5 | Received a gift from Trog
 68673 | Vaults:5 | Noticed Mennas
 68692 | Vaults:5 | Killed Mennas
 68897 | Vaults:5 | Noticed Margery
 68906 | Vaults:5 | Received a gift from Trog
 68907 | Vaults:5 | Killed Margery
 68919 | Vaults:5 | Noticed a dread lich
 68940 | Vaults:5 | Killed a dread lich
 69037 | Vaults:5 | Identified the ring of Lugonu's Generosity {Fire *Drain
                  | Dex+6}
 69114 | Vaults:5 | Identified the +2 trident of Ceem {pain, rPois rF- Will+
                  | Str+4}
 69131 | Vaults:5 | Reached XP level 26. HP: 217/254 MP: 22/22
 69151 | Vaults:5 | Received a gift from Trog
 69353 | Vaults:5 | Identified the ring "Iskax" {Wiz rF+}
 69353 | Vaults:5 | Noticed Boris
 69367 | Vaults:5 | Killed Boris
 69379 | Vaults:5 | Identified the +8 flail "Aseucy" {holy, rC+}
 69722 | Vaults:5 | Got a silver rune of Zot
 69869 | Vaults:5 | Found the +3 hat of Pondering {ponderous, Will+ MP+10
                  | Int+5}
 70147 | Vaults:5 | Found Cufautz's Assorted Antiques.
 70155 | Vaults:5 | Bought a scroll of teleportation for 84 gold pieces
 70155 | Vaults:5 | Bought a scroll of identify for 56 gold pieces
 70155 | Vaults:5 | Bought a scroll of identify for 56 gold pieces
 70155 | Vaults:5 | Bought a potion of curing for 84 gold pieces
 70155 | Vaults:5 | Bought a potion of resistance for 280 gold pieces
 70616 | Vaults:4 | Bought a scroll of identify for 22 gold pieces
 70616 | Vaults:4 | Bought a scroll of identify for 22 gold pieces
 70616 | Vaults:4 | Bought a scroll of enchant weapon for 82 gold pieces
 70729 | Vaults:1 | Bought a scroll of brand weapon for 380 gold pieces
 70969 | Elf:3    | Bought a scroll of magic mapping for 52 gold pieces
 70969 | Elf:3    | Bought a scroll of summoning for 142 gold pieces
 70969 | Elf:3    | Bought a scroll of teleportation for 45 gold pieces
 70969 | Elf:3    | Bought a scroll of identify for 30 gold pieces
 70969 | Elf:3    | Bought a scroll of identify for 30 gold pieces
 70969 | Elf:3    | Bought a scroll of identify for 30 gold pieces
 71286 | Depths:5 | Bought a potion of mutation for 96 gold pieces
 71850 | Tomb:2   | Noticed a royal mummy
 71850 | Tomb:2   | Noticed a royal mummy
 72019 | Tomb:2   | Noticed Mara
 72023 | Tomb:2   | Noticed a royal mummy
 72030 | Tomb:2   | Noticed EldarEldrad's illusion
 72068 | Tomb:2   | Noticed Jory
 72069 | Tomb:2   | Gained mutation: You are clumsy. (Dex -2) [mutagenic glow]
 72072 | Tomb:2   | Noticed a royal mummy
 72073 | Tomb:2   | HP: 5/257 [death scarab (15)]
 72073 | Tomb:2   | Slain by a death scarab

Illustrated notes

Levels and vault maps discovered:
D:1:      lemuel_arrival_muddy, layout_basic, minmay_pentomino_w4
D:2:      layout_rooms, kennysheep_generic_room_9
D:3:      layout_loops_corners
D:4:      layout_basic, serial_shops, kennysheep_mini, kennysheep_small_square,
          uniq_natasha
D:5:      layout_rooms, grunt_temple_overflow_champion_of_chaos,
          overflow_temple_1_default, portal_sewer_entry_d, kennysheep_cross_room
D:6:      layout_rooms, lightli_temple_of_fire, kennysheep_generic_room_8,
          uniq_eustachio
D:7:      layout_basic, kennysheep_little_box, minmay_temple_entry_large_hall,
          serial_co_window_serial, co_window_paths_a, co_window_paths_b,
          co_window_paths_a, co_window_corner_a, co_window_paths_a,
          co_window_corner_b, co_window_corner_cb, co_window_corner_ca,
          co_window_broadway_c, co_window_broadway_b, co_window_2corner,
          co_window_2corner, glass_columns_c, minivault_14,
          serial_bayou_crossing
D:8:      layout_loops_ring, lemuel_coloured_pillars_altar,
          nicolae_overflow_crystal_walls, lemuel_doored_altar, elyvilon_altar_1,
          serial_shops, nicolae_shop_window_shopping, minmay_radiant
D:9:      layout_gridville, lemuel_crystal_altar
D:10:     layout_irregular_city, hex_medium
D:11:     layout_basic, david_lair_generic, zombieorc1_lemuel, basic_altar,
          minmay_quadrilaterals, uniq_sonja
D:12:     layout_irregular_city, enter_bailey_3
D:13:     layout_loops_cross, nicolae_benzene_ring, lightli_corner_chamber,
          uniq_erolcha
D:14:     layout_loops_ring, david_vaults_4, columned_hall_lemuel, serial_shops,
          shop, trove_entry_hex_spiral, ebering_ghost_rock_garden,
          minmay_misc_feat_doors, uniq_louise, uniq_frances
D:15:     grunt_enter_depths_magical_seal, layout_irregular_city, serial_shops,
          nicolae_shop_window_shopping, zin_angel
Temple:   minmay_temple_bridge_abc
Lair:1:   layout_regular_city, lemuel_fruit_tree, infiniplex_staircase_pool,
          minmay_lair_oklob_chamber
Lair:2:   layout_gridlike, elwin_shoals_entry_rooms
Lair:3:   layout_roguey, portal_ice_cave_entry_pillars_1, minivault_26
Lair:4:   layout_loops_ring, guppyfry_snake_entry_garden, enter_volcano_1,
          minmay_lair_oklob_bushes, lemuel_fruit_fields, uniq_urug
Lair:5:   cheibrodos_lair_overgrown_chateau, layout_regular_city,
          grunt_forest_large_clearings
Lair:6:   evilmike_catoblepas_cave, layout_small_grid,
          nicolae_slime_entry_slimehenge, grunt_megastairs_2, uniq_kirke
Shoals:1: layout_shoals, gammafunk_ghost_tricky_traps, lemuel_altar_in_water,
          uniq_roxanne
Shoals:2: nzn_motion_control, layout_shoals, serial_shops, shop,
          nicolae_shop_crystal, nicolae_shoals_so_close
Shoals:3: layout_shoals
Shoals:4: shoals_end_grunt_garden, layout_shoals, uniq_polyphemus,
          uniq_bai_suzhen
Snake:1:  layout_basic, basic_altar
Snake:2:  cheibrodos_forgotten_conduit, layout_rooms, minmay_shop_grove,
          uniq_jorgrun
Snake:3:  layout_honeycomb, nicolae_snake_lava_pool
Snake:4:  snake_pit, layout_cave_town
Slime:1:  layout_caves
Orc:1:    layout_caves, serial_shops, shop_statue, shop, nicolae_shop_stone
Orc:2:    st_orc_pillars, layout_caves, serial_shops, shop, rock_pile
Elf:1:    eino_elf_arrival_customs, layout_gridlike,
          gammafunk_ghost_tricky_traps, serial_sigils,
          serial_sigils_hangedman_gnaw, serial_sigils_hangedman_shear,
          serial_sigils_hangedman_writhe, serial_sigils_hangedman_scratch,
          minmay_elf_necromancy
Elf:2:    layout_rooms, st_stairs_8
Elf:3:    minmay_elf_hall_spiked, layout_loops_corners, serial_shops,
          nicolae_shop_statue_plus
Vaults:1: ontoclasm_vaults_twist, vaults_standard_mumra_lines,
          nicolae_vaults_little_squares_1, v_misc_15, v_misc_29,
          vaults_room_grunt_arrival_checkpoint, nicolae_vaults_statue_guard,
          v_misc_4, v_rooms_5, nicolae_vaults_big_angled_halls,
          vaults_room_grunt_arrival_ludios, layout_vaults_maze, serial_shops,
          shop
Vaults:2: nicolae_vaults_little_squares_6, v_misc_23, nicolae_vaults_alarming,
          ontoclasm_vaults_ligature, nicolae_vaults_mini_display_case,
          hangedman_vaults_stagger, grunt_vaults_bifocal, v_alt_pattern_2,
          nicolae_vaults_network_periphery, st_lattice, ontoclasm_vaults_bender,
          v_misc_14, v_misc_1, vaults_room_semicircle, vaults_dpeg_diagonal,
          v_misc_17, layout_vaults_omnibox
Vaults:3: nicolae_vaults_lopsided_apartments, minmay_crypt_entry_necro_gods,
          v_pattern_1, v_misc_27, v_alt_pattern_1, vaults_dpeg_hooks, v_misc_26,
          ontoclasm_vaults_shuriken, hangedman_vaults_snaps,
          hangedman_vaults_maws, hangedman_vaults_restitches, v_misc_13,
          ontoclasm_vaults_gateway, layout_vaults_omnicross, serial_shops,
          nicolae_shop_crystal
Vaults:4: vaults_room_hangedman_quadrants, dpeg_vaults_monster_box,
          hangedman_vaults_cutoff, v_alt_pattern_6, ontoclasm_vaults_spin,
          v_misc_30, vaults_standard_mumra_x, nicolae_vaults_angled_halls,
          vaults_dpeg_ring, vaults_mumra_chevron, layout_vaults_chaotic_city,
          serial_shops, shop, shop
Vaults:5: serial_shops, uniq_mennas, uniq_margery, uniq_boris
Crypt:1:  layout_regular_city, grunt_crypt_arrival_webbed, grunt_megastairs_1
Crypt:2:  layout_misc_corridors
Crypt:3:  due_elkab, layout_chaotic_city, nicolae_tomb_entry_grand_gallery,
          small_statue_intersection, uniq_saint_roka
Tomb:1
Tomb:2:   uniq_jory, uniq_mara
Depths:1: layout_cave_pools, hell_entry, minmay_misc_feat_rows, tso_metal_star,
          minmay_shop_star, uniq_asterion
Depths:2: gammafunk_sealed_library, layout_honeycomb, pan_entry,
          grunt_hell_entry_dis_grunt
Depths:3: minmay_ornate_pinched, layout_gridville, serial_co_window_serial,
          co_window_corner_a, co_window_paths_a, co_window_paths_a,
          co_window_corner_a, co_window_corner_a, co_window_of_opportunity_a,
          co_window_broadway_b, co_window_paths_c, co_window_of_opportunity_c,
          co_window_2corner, glass_columns_b, hell_entry, pan_entry
Depths:4: gammafunk_sealed_arena, layout_cave_pools, hellmouth_1,
          rand_demon_pan_entry_5, minmay_misc_feat_enclosed,
          serial_hangedman_research, hangedman_research_electronics,
          hangedman_research_pyrotechnics, hangedman_research_probablistics,
          hangedman_research_thanatology, abyss_entry, minmay_shop_mayhem,
          nrook_mini_backslash
Depths:5: grunt_zot_entry_bicorn, layout_cave_pools, enter_ziggurat_f,
          serial_bayou_pond_b, pf_coc_iceberg, serial_shops, shop_fountains,
          chequers_serial_rivers_small_b

Skill      XL: |  1  2  3  4  5  6  7  8  9 10 11 12 13 14 15 16 17 18 19 20 21 22 23 24 25 26 |
---------------+-------------------------------------------------------------------------------+-----
Axes           | 4 5 7 8 9 11 13 14 15 17 20 | 20.0
Shields        | 5 10 12 15 17 18 21 24 25 | 25.0
Fighting       | 5 8 12 13 15 18 20 22 24 25 | 25.4
Armour         | 7 12 14 15 18 20 23 24 | 24.0
Dodging        | 4 10 12 15 17 18 21 22 | 22.0
Evocations     | 2 5 8 9 11 12 15 | 15.0

Action                   |  1- 3 |  4- 6 |  7- 9 | 10-12 | 13-15 | 16-18 | 19-21 | 22-24 | 25-27 || total
-------------------------+-------+-------+-------+-------+-------+-------+-------+-------+-------++-------
Melee: Hand axe          |    76 |   190 |   384 |    50 |       |       |       |       |       ||   700
       Headbutt          |    14 |    38 |    91 |   160 |   374 |   467 |   460 |   474 |   200 ||  2278
       Broad axe         |       |       |    31 |   687 |  1277 |  1422 |  1303 |  1403 |   578 ||  6701
       Flail             |       |       |       |    16 |    71 |       |     8 |       |       ||    95
Throw: Stone             |    17 |    95 |    25 |       |       |       |       |       |       ||   137
       Dart              |       |       |       |    12 |    10 |       |       |       |       ||    22
Invok: Berserk           |     2 |       |     3 |    10 |     4 |     4 |       |       |       ||    23
       Trog's Hand       |       |     1 |     4 |     6 |     9 |     8 |     4 |     6 |     5 ||    43
       Brothers in Arms  |       |       |       |       |     1 |     2 |     3 |     1 |       ||     7
 Abil: Evoke Flight      |       |       |       |       |       |       |       |     1 |       ||     1
Evoke: Wand              |       |       |       |     1 |     1 |    34 |     1 |     2 |     7 ||    46
       Box of beasts     |       |       |       |       |       |       |     1 |       |       ||     1
       Lightning rod     |       |       |       |       |       |       |     1 |       |       ||     1
  Use: Scroll            |       |     7 |       |    13 |    18 |     7 |    17 |    15 |    14 ||    91
       Potion            |       |       |       |       |       |     1 |     1 |     7 |    11 ||    20
 Stab: Paralysed         |       |       |       |     2 |       |       |       |       |       ||     2
       Petrifying        |       |       |       |       |     2 |       |       |       |       ||     2
       Distracted        |       |       |       |       |       |     1 |    12 |    22 |    18 ||    53
       Petrified         |       |       |       |       |       |     6 |       |       |       ||     6
Armor: Animal skin       |     3 |       |       |       |       |       |       |       |       ||     3
       Ring mail         |    21 |    35 |    72 |    65 |       |       |       |       |       ||   193
       Plate armour      |       |       |       |   127 |   427 |   434 |   261 |   282 |       ||  1531
       Crystal plate arm |       |       |       |       |       |       |       |    50 |   229 ||   279
Dodge: Dodged            |    40 |   102 |   123 |   237 |   405 |   836 |   510 |   579 |   284 ||  3116
Block: Buckler           |       |       |    16 |   255 |   556 |   618 |    54 |       |       ||  1499
       Reflection        |       |       |       |     3 |    24 |     7 |       |       |       ||    34
       Kite shield       |       |       |       |       |       |       |   578 |   594 |       ||  1172
       Tower shield      |       |       |       |       |       |       |       |   184 |   644 ||   828

Table legend: (Time is in decaauts)
 A = Elapsed time spent in this place.
 B = Non-inter-level travel time spent in this place.
 C = Inter-level travel time spent in this place.
 D = Time resting spent in this place.
 E = Time spent auto-exploring this place.
 F = Levels seen in this place.
 G = Mean time per level.
                   A        B        C        D        E       F      G
               +--------+--------+--------+--------+--------+-----+--------+
         Total |  71138 |  63588 |   7550 |   8138 |  38219 |  54 | 1317.4 |
       Dungeon |  20770 |  18695 |   2075 |   2513 |  12543 |  15 | 1384.7 |
        Temple |    194 |    172 |     22 |      0 |    171 |   1 |  194.0 |
          Lair |  11104 |  10040 |   1064 |   1037 |   6929 |   6 | 1850.7 |
        Shoals |   5748 |   5451 |    297 |    774 |   3078 |   4 | 1437.0 |
     Snake Pit |   4849 |   4663 |    186 |    542 |   2762 |   4 | 1212.2 |
    Slime Pits |      1 |      1 |      0 |      0 |      0 |   1 |    1.0 |
  Orcish Mines |   1791 |   1488 |    303 |      0 |    900 |   2 |  895.5 |
   Elven Halls |   4533 |   3784 |    749 |    305 |   2272 |   3 | 1511.0 |
        Vaults |   8191 |   6852 |   1339 |    413 |   4453 |   5 | 1638.2 |
         Crypt |   4239 |   3597 |    642 |    399 |   1466 |   3 | 1413.0 |
          Tomb |   1941 |   1685 |    256 |    870 |     65 |   2 |  970.5 |
        Depths |   6209 |   5596 |    613 |    649 |   3207 |   5 | 1241.8 |
         Sewer |    242 |    242 |      0 |     63 |    138 |   1 |  242.0 |
        Bailey |    142 |    142 |      0 |      0 |      0 |   1 |  142.0 |
      Ice Cave |   1177 |   1177 |      0 |    570 |    233 |   1 | 1177.0 |
               +--------+--------+--------+--------+--------+-----+--------+

Top non-repeatable levels by time:
  Lair:6: 2882 daAuts
    D:11: 2800 daAuts
  Lair:4: 2201 daAuts
    D:14: 2165 daAuts
     D:7: 2011 daAuts
 Crypt:3: 1993 daAuts
Vaults:5: 1963 daAuts
  Lair:5: 1881 daAuts
   Elf:3: 1838 daAuts
Depths:4: 1785 daAuts
  Lair:2: 1739 daAuts
  Tomb:1: 1708 daAuts
Shoals:1: 1702 daAuts
 Snake:3: 1643 daAuts
Vaults:1: 1597 daAuts
